 Dungeon Crawl Stone Soup version 0.29.0-11-gd7f09526c8 (webtiles) character file.

Game seed: 4688650975608181428

366 MisterFreud the Slasher (level 6, 0/53 HPs)
             Began as a Gnoll Wanderer on Sept 4, 2022.
             Slain by an orc wizard
             ... wielding a +0 dagger
              (2 damage)
             ... on level 4 of the Dungeon.
             The game lasted 00:04:14 (3849 turns).

MisterFreud the Slasher (Gnoll Wanderer)            Turns: 3849, Time: 00:04:14

Health: 0/53       AC:  4    Str: 17    XL:     6   Next: 68%
Magic:  9/9        EV: 12    Int:  9    God:
Gold:   1039       SH:  0    Dex: 12    Spells: 9/9 levels left

rFire   . . .      SeeInvis .   a - +4 falchion
rCold   . . .      Faith    .   (no shield)
rNeg    . . .      Spirit   .   d - +0 leather armour
rPois   .          Reflect  .   (no helmet)
rElec   .          Harm     .   l - +0 cloak
rCorr   .          Rampage  .   (no gloves)
Will    .....                   (no boots)
Stlth   ++........              (no amulet)
HPRegen 0.17/turn               (no ring)
MPRegen 0.11/turn               (no ring)

@: invisible
A: fangs 1, strong nose, distributed training, strong 1, inability to drink
after injury 1
a: no special abilities


You were on level 4 of the Dungeon.
You visited 1 branch of the dungeon, and saw 4 of its levels.

You collected 1039 gold pieces.

Inventory:

Hand Weapons
 a - a +4 falchion (weapon)
 b - a +0 mace
 j - a +1 short sword of holy wrath
Missiles
 h - 5 poisoned darts (quivered)
 p - 3 boomerangs
Armour
 d - a +0 leather armour (worn)
 l - a +0 cloak (worn)
Jewellery
 k - a ring of flight
Scrolls
 c - a scroll of blinking
 f - 3 scrolls of identify
 g - 4 scrolls of teleportation
 i - a scroll of magic mapping
 n - a scroll of amnesia {unknown}
Potions
 e - a potion of mutation


   Skills:
 + Level 6.9 Fighting
 + Level 2.1 Short Blades
 + Level 6.9 Long Blades
 + Level 2.1 Axes
 + Level 5.1 Maces & Flails
 + Level 2.1 Polearms
 + Level 2.1 Staves
 + Level 2.1 Ranged Weapons
 + Level 2.1 Throwing
 + Level 3.4 Armour
 + Level 3.4 Dodging
 + Level 2.1 Stealth
 + Level 2.1 Shields
 + Level 2.1 Unarmed Combat
 + Level 2.1 Spellcasting
 + Level 1.7 Conjurations
 + Level 1.7 Hexes
 + Level 1.7 Summonings
 + Level 1.7 Necromancy
 + Level 1.7 Translocations
 + Level 1.7 Transmutations
 + Level 1.7 Fire Magic
 + Level 1.7 Ice Magic
 + Level 1.7 Air Magic
 + Level 1.7 Earth Magic
 + Level 1.7 Poison Magic
 + Level 2.4 Invocations
 + Level 2.1 Evocations


You had 9 spell levels left.
You didn't know any spells.
Your spell library contained the following spells:

 Spells                   Type           Power      Damage    Failure   Level
 Magic Dart               Conj           16%        1d3       19%         1
 Searing Ray              Conj           8%         2d4       28%         2
 Tukima's Dance           Hex            4%         N/A       50%         3
 Fulminant Prism          Conj/Hex       2%         3d6       88%         4
 Passage of Golubria      Tloc           4%         N/A       88%         4
 Yara's Violent Unravell  Hex/Tmut       2%         3d3       99%         5


Dungeon Overview and Level Annotations

Branches:
Dungeon (4/15)
 Temple: D:4-7

Altars:
Kikubaaqudgha


Innate Abilities, Weirdness & Mutations

You have very sharp teeth.
Your uncanny sense of smell can sniff out nearby items.
Your experience applies equally to all skills.
Your muscles are strong. (Str +4, Int/Dex -1)
You occasionally lose the ability to drink potions when taking damage.


Message History

The orc barely misses you.
You closely miss the orc.
The orc is severely wounded.
The orc hits you with a +0 dagger.
* * * LOW HITPOINT WARNING * * *
The endoplasm completely misses you.
A goblin comes into view. It is wielding a +0 club.
Found a scroll of fear.
You slash the orc!
You kill the orc!
You hit the endoplasm.
The endoplasm is heavily wounded.
The endoplasm hits you but does no damage.
You hit the endoplasm but do no damage. You bite the endoplasm.
The endoplasm is severely wounded.
The endoplasm freezes you.
You are frozen.
* * * LOW HITPOINT WARNING * * *
You hit the endoplasm.
You kill the endoplasm!
The goblin misses you.
You closely miss the goblin. The goblin hits you but does no damage.
The orc hits you with a +0 flail.
* * * LOW HITPOINT WARNING * * *
You slash the orc!
You kill the orc!
The goblin hits you with a +0 club.
* * * LOW HITPOINT WARNING * * *
Deactivating autopickup; reactivate with Ctrl-A.
You closely miss something. Your punch misses something.
Something hits you but does no damage. The goblin barely misses you.
It was a potion of cancellation.
You feel magically purged. The goblin hits you but does no damage.
Something hits you.
* * * LOW HITPOINT WARNING * * *
It was a potion of invisibility.
You fade into invisibility!
Something hits you but does no damage. The goblin hits you with a +0 club.
* * * LOW HITPOINT WARNING * * *
You slash something! Something hits you.
You die...

###.....).## #..
#.#..##..## #.#
#.#..##.#.###.#####
# #
#..#....)#.#..)...
###
#....#...J...##.###
...
..##.[..#.##.......
..# ##...#o...##.#
#. ##..####{# #.#
#..# #@# #.# #..#
#g# # #.# #.. #.# ∆
####.# #.# .....# #
#.# ####.#####..#
#.# ####.........
?.# .............
... ∆ ####.########


You could see a goblin (unable to see you).

Vanquished Creatures
  5 orc priests
  2 orc wizards (D:4)
  7 adders
  A worm (D:3)
  3 dart slugs
  20 orcs
  4 ball pythons
  2 bat zombies (D:3)
  An endoplasm (D:4)
  A giant cockroach (D:4)
  7 goblins
  8 hobgoblins
  A quokka (D:2)
  5 bats
  4 frilled lizards
  5 kobolds
  7 rats
  A rat zombie (D:3)
84 creatures vanquished.

Notes
Turn   | Place    | Note
-------+----------+-------------------------------------------
     0 | D:1      | MisterFreud the Gnoll Wanderer began the quest for the Orb.
     0 | D:1      | MisterFreud set off with the following items: a +3
                  | falchion, a +0 mace, a scroll of blinking, a +0 leather
                  | armour.
     0 | D:1      | Reached XP level 1. HP: 23/23 MP: 1/1
   390 | D:1      | Reached XP level 2. HP: 29/29 MP: 2/2
  1237 | D:2      | Reached XP level 3. HP: 26/35 MP: 2/4
  1388 | D:2      | You fall into a shaft and drop 1 floor!
  1510 | D:3      | Reached skill level 1 in Invocations
  1555 | D:3      | Reached skill level 1 in Short Blades
  1555 | D:3      | Reached skill level 1 in Axes
  1555 | D:3      | Reached skill level 1 in Polearms
  1555 | D:3      | Reached skill level 1 in Staves
  1555 | D:3      | Reached skill level 1 in Ranged Weapons
  1555 | D:3      | Reached skill level 1 in Throwing
  1555 | D:3      | Reached skill level 1 in Stealth
  1555 | D:3      | Reached skill level 1 in Shields
  1555 | D:3      | Reached skill level 1 in Unarmed Combat
  1555 | D:3      | Reached skill level 1 in Spellcasting
  1555 | D:3      | Reached skill level 1 in Evocations
  1984 | D:2      | Reached XP level 4. HP: 41/41 MP: 5/5
  2324 | D:3      | Gained mutation: You occasionally lose the ability to drink
                  | potions when taking damage. [potion of mutation]
  2324 | D:3      | Gained mutation: Your muscles are strong. (Str +4, Int/Dex
                  | -1) [potion of mutation]
  2329 | D:3      | Reached skill level 1 in Conjurations
  2329 | D:3      | Reached skill level 1 in Hexes
  2329 | D:3      | Reached skill level 1 in Summonings
  2329 | D:3      | Reached skill level 1 in Necromancy
  2329 | D:3      | Reached skill level 1 in Translocations
  2329 | D:3      | Reached skill level 1 in Transmutations
  2329 | D:3      | Reached skill level 1 in Fire Magic
  2329 | D:3      | Reached skill level 1 in Ice Magic
  2329 | D:3      | Reached skill level 1 in Air Magic
  2329 | D:3      | Reached skill level 1 in Earth Magic
  2329 | D:3      | Reached skill level 1 in Poison Magic
  2332 | D:3      | Reached XP level 5. HP: 40/47 MP: 5/7
  2450 | D:3      | Identified a scroll of acquirement
  2450 | D:3      | Acquired 848 gold pieces
  2583 | D:3      | Found an ancient bone altar of Kikubaaqudgha.
  3307 | D:4      | Reached XP level 6. HP: 40/53 MP: 8/8
  3471 | D:4      | Reached skill level 5 in Maces & Flails
  3847 | D:4      | HP: 2/53 [something (1)]
  3849 | D:4      | Slain by an orc wizard

Illustrated notes

Levels and vault maps discovered:
D:1:      minmay_arrival_open_corners, layout_basic
D:2:      layout_basic
D:3:      minmay_thinvault, layout_loops_ring, lemuel_zombie_altar_kikubaaqudgha
D:4:      layout_loops_ring, minmay_distorted

Skill      XL: |  1  2  3  4  5  6 |
---------------+-------------------+-----
Invocations    | 1 2 |  2.4
Short Blades   | 1 2 |  2.1
Axes           | 1 2 |  2.1
Polearms       | 1 2 |  2.1
Staves         | 1 2 |  2.1
Ranged Weapons | 1 2 |  2.1
Throwing       | 1 2 |  2.1
Stealth        | 1 2 |  2.1
Shields        | 1 2 |  2.1
Unarmed Combat | 1 2 |  2.1
Spellcasting   | 1 2 |  2.1
Evocations     | 1 2 |  2.1
Conjurations   | 1 |  1.7
Hexes          | 1 |  1.7
Summonings     | 1 |  1.7
Necromancy     | 1 |  1.7
Translocations | 1 |  1.7
Transmutations | 1 |  1.7
Fire Magic     | 1 |  1.7
Ice Magic      | 1 |  1.7
Air Magic      | 1 |  1.7
Earth Magic    | 1 |  1.7
Poison Magic   | 1 |  1.7
Armour         | 3 |  3.4
Dodging        | 3 |  3.4
Maces & Flails | 5 |  5.1
Fighting       | |  6.9
Long Blades    | |  6.9

Action                   |  1- 3 |  4- 6 || total
-------------------------+-------+-------++-------
Melee: Falchion          |    71 |   144 ||   215
       Mace              |     5 |       ||     5
       Punch             |     1 |     3 ||     4
       Bite              |       |    10 ||    10
  Use: Scroll            |     1 |     6 ||     7
       Potion            |       |     6 ||     6
 Stab: Sleeping          |     1 |       ||     1
Armor: Leather armour    |    29 |    34 ||    63
Dodge: Dodged            |    46 |    82 ||   128
